 Dungeon Crawl Stone Soup version 0.29.1 (webtiles) character file.

Game seed: 4683697985117667189

193 raistware the Conjurer (level 5, -3/31 HPs)
             Began as an Octopode Conjurer on Sept 12, 2022.
             Killed from afar by a kobold (6 damage)
             ... with a puff of flame
             ... on level 4 of the Dungeon.
             The game lasted 00:04:34 (3086 turns).

raistware the Conjurer (Octopode Conjurer)          Turns: 3086, Time: 00:04:34

Health: -3/31      AC:  5    Str:  6    XL:     5   Next: 72%
Magic:  3/11       EV: 13    Int: 22    God:
Gold:   125        SH:  5    Dex: 11    Spells: 7/12 levels left

rFire   . . .      SeeInvis .   (no weapon)
rCold   . . .      Faith    .   (no shield)
rNeg    . . .      Spirit   .   (helmet restricted)
rPois   .          Reflect  +   e - amulet of reflection
rElec   .          Harm     .   f - +4 ring of protection
rCorr   .          Rampage  .   (no ring)
Will    .....                   (no ring)
Stlth   +++.......              (no ring)
HPRegen 0.10/turn               (no ring)
MPRegen 0.12/turn               (no ring)
                                (no ring)
                                (no ring)

@: no status effects
A: almost no armour, amphibious, 8 rings, camouflage 1, gelatinous body 1,
(nimble swimmer 1), tentacles
a: no special abilities


You were on level 4 of the Dungeon.
You visited 1 branch of the dungeon, and saw 4 of its levels.

You collected 125 gold pieces.

Inventory:

Missiles
 b - 14 poisoned darts
 j - 5 javelins
Armour
 c - a +0 buckler
Jewellery
 e - an amulet of reflection (around mantle)
 f - a +4 ring of protection (left tentacle)
Scrolls
 g - 2 scrolls of teleportation {unknown}
 h - 3 scrolls of identify {unknown}
 k - a scroll of enchant armour {unknown}
Potions
 a - a potion of magic
 d - 3 potions of heal wounds {unknown}
 i - 2 potions of lignification {unknown}
 l - a potion of attraction {unknown}


   Skills:
 - Level 2.0 Dodging
 - Level 3.0 Stealth
 + Level 4.4 Spellcasting
 + Level 4.4 Conjurations
 - Level 2.0 Translocations


You had 7 spell levels left.
You knew the following spells:

 Your Spells              Type           Power      Damage    Failure   Level
a - Magic Dart            Conj           96%        1d7       1%          1
b - Iskenderun's Mystic   Conj/Tloc      19%        2d6       28%         4

Your spell library contained the following spells:

 Spells                   Type           Power      Damage    Failure   Level
 Searing Ray              Conj           48%        2d6       2%          2
 Dazzling Flash           Conj/Hex       28%        N/A       13%         3
 Fulminant Prism          Conj/Hex       7%         3d7       38%         4


Dungeon Overview and Level Annotations

Branches:
Dungeon (4/15)
 Temple: D:4-7

Altars:
Cheibriados

Annotations:
D:1 1 transporter


Innate Abilities, Weirdness & Mutations

You cannot wear most types of armour.
You are amphibious.
You can wear up to eight rings at the same time.
Your skin changes colour to match your surroundings (Stealth+).
Your rubbery body absorbs attacks. (AC +1, EV +1)
((You are camouflaged when in or above water. (Stealth+)))
You have tentacles for arms and can constrict up to eight enemies at once.


Message History

Magic restored.
A kobold comes into view.
It is wielding a +0 dagger and carrying a wand of flame (13).
The magic dart hits the kobold but does no damage.
The kobold shouts!
The magic dart hits the kobold but does no damage.
The kobold zaps a wand.
The puff of flame misses you.
The magic dart hits the kobold but does no damage.
A kobold is nearby!
The magic dart hits the kobold but does no damage.
The magic dart hits the kobold but does no damage.
The magic dart hits the kobold but does no damage.
The kobold throws a stone.
The stone hits you.
The magic dart hits the kobold but does no damage.
The magic dart hits the kobold but does no damage.
The kobold zaps a wand.
The puff of flame hits you!
The magic dart hits the kobold but does no damage.
The magic dart hits the kobold but does no damage.
The kobold zaps a wand.
The puff of flame hits you!
You are too injured to fight recklessly!
You tentacle-slap the kobold but do no damage.
Your grab misses the kobold. Your squeeze misses the kobold.
The kobold hits you but does no damage.
You tentacle-slap the kobold but do no damage.
Your grab misses the kobold. Your squeeze misses the kobold.
The kobold barely misses you.
You barely miss the kobold. You grab the kobold.
You squeeze the kobold, but do no damage.
You constrict the kobold. The kobold completely misses you.
You barely miss the kobold.
The kobold is moderately wounded.
You constrict the kobold. The kobold hits you with a +0 dagger.
You tentacle-slap the kobold but do no damage.
The kobold is heavily wounded.
You constrict the kobold.
The kobold zaps a wand.
The puff of flame hits you!
* * * LOW HITPOINT WARNING * * *
You tentacle-slap the kobold but do no damage.
The kobold is severely wounded.
You constrict the kobold, but do no damage.
The kobold zaps a wand.
The puff of flame hits you.
You die...

#.........[.
#.#........#
..#.....#.. ........#
##. #...)... ...#
#..#<#.# #.....##
#...#.#
..#....######.##K#
### #...#..)....@#
#####...#.###)#######
.....................
#.........##########.
#..#.......###
..###........#### ###
########....# #
####.#####..
####..)........


You could see a kobold.

Vanquished Creatures
  2 orc priests
  5 adders
  An ufetubus (D:4)
  3 worms
  8 orcs
  4 ball pythons
  5 endoplasms
  2 giant cockroaches (D:1)
  9 goblins
  3 hobgoblins
  4 jackals (D:3)
  A quokka (D:1)
  7 bats
  2 frilled lizards (D:1)
  7 kobolds
  6 rats
69 creatures vanquished.

Notes
Turn   | Place    | Note
-------+----------+-------------------------------------------
     0 | D:1      | raistware the Octopode Conjurer began the quest for the
                  | Orb.
     0 | D:1      | Reached XP level 1. HP: 11/11 MP: 3/3
   210 | D:1      | Reached XP level 2. HP: 17/17 MP: 1/5
   419 | D:1      | You fall into a shaft and drop 1 floor!
   426 | D:2      | Found a faded altar of an unknown god.
   593 | D:1      | Reached XP level 3. HP: 21/21 MP: 5/7
  1345 | D:2      | Found a snail-covered altar of Cheibriados.
  1760 | D:3      | Reached XP level 4. HP: 27/27 MP: 7/9
  1895 | D:3      | Reached skill level 1 in Translocations
  2128 | D:3      | Reached XP level 5. HP: 31/31 MP: 7/11
  2133 | D:3      | Learned a level 4 spell: Iskenderun's Mystic Blast
  3086 | D:4      | Killed from afar by a kobold

Illustrated notes

Levels and vault maps discovered:
D:1:      spicycebolla_arrival_risky_transporter, layout_basic, minivault_14
D:2:      layout_rooms, nicolae_ecumenical_lake_church, basic_altar,
          minmay_pentomino_q2
D:3:      layout_rooms
D:4:      layout_rooms

Skill      XL: |  1  2  3  4  5 |
---------------+----------------+-----
Spellcasting   | 3 4 |  4.4
Translocations | 2 |  2.0
Stealth        | 3 |  3.0
Dodging        | |  2.0
Conjurations   | |  4.4

Action                   |  1- 3 |  4- 6 || total
-------------------------+-------+-------++-------
Melee: Unarmed           |     1 |    18 ||    19
       Tentacles         |     1 |     7 ||     8
       Constrict         |     1 |     5 ||     6
Throw: Javelin           |       |     3 ||     3
 Cast: Magic Dart        |    70 |    95 ||   165
Armor: Skin              |       |     2 ||     2
Dodge: Dodged            |     2 |    14 ||    16
Block: Other             |     1 |     9 ||    10
       Reflection        |     1 |       ||     1
